 Dungeon Crawl Stone Soup version 0.28-a0-312-gbced6e68ee (webtiles) character file.

Game seed: 17863084423559847018

56 bande the Covered (level 3, -1/23 HPs)
             Began as a Gargoyle Fighter on Aug 31, 2021.
             Slain by Sigmund (10 damage)
             ... on level 2 of the Dungeon.
             The game lasted 00:02:27 (1447 turns).

bande the Covered (Gargoyle Fighter)                Turns: 1447, Time: 00:02:28

Health: -1/23      AC: 10    Str: 19    XL:     3   Next: 95%
Magic:  3/3        EV:  7    Int:  8    God:
Gold:   21         SH:  8    Dex: 10    Spells: 2/2 levels left

rFire   . . .      SeeInvis .   a - +0 war axe
rCold   . . .      Faith    .   c - +0 kite shield
rNeg    + . .      Spirit   .   b - +0 scale mail
rPois   ∞          Reflect  .   (no helmet)
rElec   +          Harm     .   (no cloak)
rCorr   .          Rampage  .   (no gloves)
Will    .....                   (no boots)
Stlth   ..........              (no amulet)
HPRegen 0.07/turn               (no ring)
MPRegen 0.08/turn               (no ring)

@: mighty
A: sickness immunity, AC +3, negative energy resistance 1, electricity
resistance, torment resistance 1, petrification resistance
a: no special abilities


You were on level 2 of the Dungeon.
You visited 1 branch of the dungeon, and saw 2 of its levels.

You collected 21 gold pieces.

Inventory:

Hand Weapons
 a - a +0 war axe (weapon)
 f - a +0 war axe
Armour
 b - a +0 scale mail (worn)
 c - a +0 kite shield (worn)
Potions
 e - a potion of flight
 i - a potion of ambrosia {unknown}


   Skills:
 + Level 3.6 Fighting
 + Level 2.8 Axes
 + Level 3.8 Armour
 + Level 3.6 Shields


You had 2 spell levels left.
You didn't know any spells.
Your spell library contained the following spells:

 Spells                   Type           Power      Damage    Failure   Level
 Corona                   Hex            0%         N/A       99%         1


Dungeon Overview and Level Annotations

Branches:
Dungeon (2/15)

Altars:

Annotations:
D:2 Sigmund


Innate Abilities, Weirdness & Mutations

You are immune to sickness and miasma.
Your stone body is resilient. (AC +3)
You are immune to poison.
You resist negative energy. (rN+)
You are resistant to electric shocks. (rElec)
You are resistant to unholy torment.
You are immune to petrification.


Message History

a +0 club; a goblin corpse You see here a worm corpse.
A bat comes into view.
The bat moves out of view.
h - a scroll labelled BYZIHE NIT ERE
i - a dark potion
As you read the scroll labelled BASKILOALOTZ, it crumbles to dust.
You feel strangely unstable.
It was a scroll of teleportation.
As you read the scroll labelled BYZIHE NIT ERE, it crumbles to dust.
It is a scroll of identify.
e - a potion of flight Your surroundings suddenly seem different.
Sigmund the Dreaded comes into view.
He is wielding a +0 scythe and wearing a +2 robe of positive energy.
Found a robe.
Sigmund shouts!
Sigmund is nearby!
Sigmund closely misses you.
You slash Sigmund!
Sigmund is moderately wounded.
Sigmund hits you but does no damage.
Okay, then.
You feel very mighty all of a sudden.
You hit Sigmund.
Sigmund is heavily wounded.
Sigmund points at you and mumbles some strange words.
The puff of flame misses you. Sigmund hits you with a +0 scythe.
You slash Sigmund!
Sigmund is almost dead.
Sigmund gestures at you while chanting. The magic dart hits you!
You closely miss Sigmund.
Sigmund is almost dead.
You block Sigmund's attack.
You barely miss Sigmund.
Sigmund is almost dead.
You block Sigmund's attack.
You closely miss Sigmund.
Sigmund is almost dead.
Sigmund hits you with a +0 scythe!
You die...

. +# ##.# .#... . .#.##.#
.### #.# ##@.....# . ... ...
#@...[.# #. #.### #.#
#......##+#.##.... #.#
#................. #.##
#................. #..
.................. #.#
####....#..........† ###†##
#.......#...........
#..†<#####.##....#...........
#.#####......##+##...........


You could see Sigmund.

Vanquished Creatures
  An adder (D:2)
  A worm (D:2)
  3 ball pythons
  5 endoplasms
  6 giant cockroaches
  3 hobgoblins
  4 jackals (D:2)
  4 kobolds (D:1)
  2 quokkas (D:1)
  3 frilled lizards
  A goblin (D:2)
  5 rats
38 creatures vanquished.

Vanquished Creatures (others)
  2 plants (D:2)
2 creatures vanquished.

Grand Total: 40 creatures vanquished

Notes
Turn   | Place    | Note
-------+----------+-------------------------------------------
     0 | D:1      | bande the Gargoyle Fighter began the quest for the Orb.
     0 | D:1      | Reached XP level 1. HP: 14/14 MP: 1/1
     1 | D:1      | Found a runed translucent door.
   457 | D:1      | Reached XP level 2. HP: 19/19 MP: 2/2
   967 | D:2      | Reached XP level 3. HP: 15/23 MP: 3/3
  1303 | D:2      | Found a faded altar of an unknown god.
  1308 | D:2      | Got Plato's Papyrus of Curses
  1439 | D:2      | Noticed Sigmund
  1447 | D:2      | Slain by Sigmund

Illustrated notes

Levels and vault maps discovered:
D:1:      dpeg_arrival_caged_fury, layout_loops_ring
D:2:      layout_basic, shapermc_ecumenical_altar_rom_forum, minmay_quantized,
          uniq_crazy_yiuf_cottage, uniq_sigmund

Skill      XL: |  1  2 |
---------------+-------+-----
Axes           | 2 |  2.8
Fighting       | |  3.6
Armour         | |  3.8
Shields        | |  3.6

Action                   || total
-------------------------++-------
Melee: War axe           ||   123
  Use: Scroll            ||     2
       Potion            ||     1
Armor: Scale mail        ||    87
Dodge: Dodged            ||    50
Block: Kite shield       ||    69

Table legend: (Time is in decaauts)
 A = Elapsed time spent in this place.
 B = Non-inter-level travel time spent in this place.
 C = Inter-level travel time spent in this place.
 D = Time resting spent in this place.
 E = Time spent auto-exploring this place.
 F = Levels seen in this place.
 G = Mean time per level.
                   A        B        C        D        E       F      G
               +--------+--------+--------+--------+--------+-----+--------+
         Total |   1530 |   1530 |      0 |    435 |    690 |   2 |  765.0 |
       Dungeon |   1530 |   1530 |      0 |    435 |    690 |   2 |  765.0 |
               +--------+--------+--------+--------+--------+-----+--------+

Top non-repeatable levels by time:
     D:1: 1061 daAuts
     D:2: 468 daAuts
